Map: Terrasses de Prion

Players

Sygma - Winner!

  • Race: Terran Terran
  • League: Silver
  • Spawn Location: 5:00

manu

  • Race: Terran Terran
  • League: Gold
  • Spawn Location: 11:00

VOD

Have the link to the VOD?

Description

Time

  • Played on: March 1, 2016, 6:06 p.m.
  • Length: 12:32
Show
View Real Time Build Order
Export as new Build Order

Sygma Terran - Winner!

Build Orders:  

Get SALT Encoding   

  12  0:01  SCV  
  13  0:13  Supply Depot  
  13  0:17  SCV  
  14  0:29  SCV  
  15  0:38  Barracks  
  16  0:42  SCV  
  16  0:51  Refinery  
  16  0:54  SCV  
  17  1:07  SCV  
  18  1:26  Marine  
  18  1:28  Command Center  
  19  1:34  SCV  
  20  1:49  Barracks, SCV  
  20  1:51  Barracks Reactor  
  21  2:01  Supply Depot, SCV  
  22  2:13  Orbital Command  
  22  2:31  Engineering Bay  
  22  2:33  Marine x2  
  24  2:40  Factory  
  24  2:42  Barracks Tech Lab  
  24  2:45  SCV  
  24  2:50  SCV  
  26  3:01  SCV, Refinery  
  26  3:02  SCV  
  28  3:13  SCV  
  28  3:14  SCV  
  30  3:25  SCV  
  30  3:26  SCV  
  32  3:29  Marine x2  
  32  3:32  Stimpack  
  34  3:35  Refinery  
  34  3:37  SCV, Refinery  
  34  3:38  SCV  
  36  3:43  Factory Reactor  
  36  3:48  Starport  
  36  3:49  SCV  
  36  3:50  SCV  
  38  4:01  SCV  
  39  4:03  SCV  
  40  4:10  Terran Infantry Weapons Level 1  
  40  4:11  Marine x2  
  40  4:13  SCV  
  40  4:15  SCV  
  44  4:25  SCV  
  44  4:27  SCV  
  44  4:30  Supply Depot  
  46  4:45  Supply Depot  
  46  4:51  Marine x2  
  46  4:52  SCV x2  
  50  4:53  Supply Depot  
  50  4:57  Engineering Bay  
  50  5:04  SCV x2  
  52  5:07  Supply Depot  
  52  5:09  Marine x2  
  52  5:10  Marauder  
  56  5:14  Medivac x2  
  56  5:15  Supply Depot  
  56  5:16  SCV  
  61  5:32  Marauder, Command Center  
  61  5:35  SCV  
  64  5:37  Supply Depot  
  64  5:40  SCV  
  65  5:43  Marine x2  
  65  5:44  Medivac x2  
  65  5:46  Factory Tech Lab  
  65  5:47  SCV  
  72  5:52  SCV  
  72  5:54  Barracks  
  73  5:59  Marauder  
  73  6:01  Marine x2  
  77  6:04  Terran Infantry Armor Level 1, SCV  
  77  6:11  Armory  
  78  6:16  Orbital Command  
  78  6:19  Marine x2  
  78  6:20  Marauder  
  82  6:29  Siege Tank  
  85  6:37  Marine x2  
  87  6:41  Marauder, Supply Depot  
  87  6:42  Supply Depot  
  87  6:45  SCV  
  90  6:49  Planetary Fortress  
  90  6:51  SCV  
  91  7:02  Marine x2  
  91  7:03  Supply Depot  
  91  7:06  Siege Tank, Supply Depot  
  91  7:07  Medivac  
  98  7:11  Barracks Reactor  
  98  7:13  Barracks  
  98  7:14  Combat Shield  
  100  7:15  Marauder  
  100  7:19  Marine  
  100  7:20  Marine  
  100  7:21  SCV  
  103  7:26  SCV  
  103  7:28  SCV  
  105  7:35  Refinery x2  
  107  7:37  Marauder, Marine x2  
  107  7:38  Siege Tank, SCV  
  107  7:40  SCV  
  114  7:47  Factory  
  114  7:48  SCV  
  114  7:50  SCV  
  116  7:52  Starport  
  116  7:55  SCV, Marine x2  
  121  7:58  Marauder  
  121  8:01  SCV  
  121  8:02  SCV  
  123  8:07  SCV  
  123  8:10  Siege Tank  
  127  8:13  Marine x4  
  131  8:22  Barracks Tech Lab  
  131  8:24  Marauder  
  133  8:31  Marine x4  
  137  8:36  Terran Infantry Weapons Level 2, Terran Infantry Armor Level 2  
  137  8:38  Terran Vehicle And Ship Armor Level 1  
  137  8:40  Concussive Shells  
  137  8:42  Siege Tank, Command Center  
  137  8:43  Starport Reactor  
  137  8:44  Factory Tech Lab  
  140  8:49  Marine  
  141  8:56  Marine  
  141  8:57  Marauder  
  141  9:00  Supply Depot  
  144  9:02  Supply Depot  
  144  9:18  Marauder, Marine x3  
  144  9:21  Marine  
  144  9:24  Supply Depot  
  150  9:25  Supply Depot  
  150  9:36  Marine x3  
  153  9:39  Marauder, Marine  
  156  9:51  Marauder  
  158  9:53  Siege Tank x2  
  158  9:54  Marine x3  
  158  9:57  SCV, Marine  
  169  10:01  Marauder  
  171  10:09  SCV  
  171  10:11  Marine  
  171  10:12  Marauder, Marine x2  
  177  10:22  Marauder  
  177  10:25  Siege Tank x2  
  185  10:33  Marauder  
  172  10:58  Medivac x2  
  172  11:03  Marine  
  172  11:04  Marine x3  
  178  11:07  Marauder  
  178  11:08  Marauder  
  178  11:09  Siege Tank  
  178  11:10  Siege Tank  
  190  11:21  Marine x2  
  190  11:22  Marine x2  
  194  11:29  Marauder  
  196  11:50  Marauder  
  196  11:53  Siege Tank  
  196  11:54  Marauder  
  196  11:55  Marine  
  196  11:56  Siege Tank  
  169  12:11  Marauder  
Show
View Real Time Build Order
Export as new Build Order

manu Terran 

Build Orders: 2 Factory, Mech 

Get SALT Encoding   

  12  0:01  SCV  
  13  0:13  SCV  
  14  0:19  Supply Depot  
  14  0:25  SCV  
  15  0:30  Refinery  
  15  0:41  SCV  
  16  0:53  Barracks, SCV  
  17  1:06  SCV  
  18  1:24  SCV  
  18  1:25  Refinery  
  19  1:44  Supply Depot  
  19  1:52  Barracks Reactor  
  19  1:55  Factory  
  19  1:56  SCV  
  20  2:14  Command Center  
  20  2:16  SCV  
  21  2:28  SCV  
  22  2:40  Orbital Command  
  22  2:45  Factory  
  22  3:08  SCV  
  23  3:13  Barracks Tech Lab  
  23  3:19  Engineering Bay  
  23  3:21  Hellion  
  23  3:26  Orbital Command  
  27  3:27  SCV  
  27  3:30  Widow Mine  
  28  3:45  Supply Depot  
  28  3:46  Barracks Reactor  
  28  3:47  Siege Tank  
  31  3:49  SCV  
  31  3:50  Hellion  
  34  3:57  SCV  
  34  3:59  Refinery  
  36  4:02  SCV  
  36  4:08  Missile Turret  
  36  4:12  Missile Turret, SCV  
  37  4:17  SCV, Factory  
  37  4:23  Hellion  
  37  4:24  Hellion  
  42  4:27  SCV  
  43  4:35  Missile Turret  
  43  4:39  Hi-Sec Auto Tracking  
  43  4:40  Missile Turret, SCV x2  
  43  4:44  Refinery  
  45  4:47  Hellion  
  45  4:48  Hellion  
  49  4:54  Starport  
  49  5:15  Supply Depot, Hellion x2  
  53  5:25  Siege Tank  
  53  5:26  Supply Depot  
  56  5:30  Missile Turret  
  56  5:37  Missile Turret, SCV x2  
  58  5:46  Command Center  
  58  5:48  Viking  
  60  5:53  Infernal Pre-Igniter  
  60  5:59  Supply Depot  
  60  6:10  SCV x2  
  62  6:21  Supply Depot  
  62  6:33  Hellion  
  62  6:34  Siege Tank, Hellion  
  62  6:36  Viking  
  62  6:39  SCV x2  
  73  6:47  Armory  
  73  6:51  Armory  
  73  6:55  Hellion  
  77  7:03  Widow Mine  
  77  7:04  Supply Depot  
  77  7:19  Starport Reactor, Missile Turret  
  77  7:24  Starport  
  77  7:27  SCV x2  
  79  7:34  Orbital Command  
  79  7:39  Command Center  
  79  7:41  Missile Turret  
  79  7:42  Hellion  
  79  7:43  Hellion  
  83  7:57  SCV  
  83  7:58  SCV  
  85  8:12  Barracks Reactor  
  85  8:13  Supply Depot  
  85  8:16  Terran Vehicle Weapons Level 1, Factory, Terran Vehicle And Ship Armor Level 1  
  85  8:18  SCV x3  
  88  8:20  Starport Reactor  
  88  8:26  Factory  
  88  8:30  SCV x2  
  88  8:31  Hellion x2  
  88  8:32  Siege Tank, Hellion x2  
  101  8:35  Supply Depot  
  101  8:38  Viking, Medivac  
  105  8:54  Hellion x4  
  113  9:06  Missile Turret  
  113  9:08  Factory  
  113  9:09  Supply Depot  
  113  9:11  Siege Tank  
  113  9:14  Factory Tech Lab  
  113  9:15  Barracks Reactor  
  116  9:18  Factory  
  116  9:29  Hellion  
  116  9:30  Hellion x3  
  124  9:32  Supply Depot, Viking x2  
  124  9:33  Barracks Reactor  
  124  9:37  Refinery  
  128  9:40  Refinery  
  130  9:48  Missile Turret  
  130  9:51  Widow Mine  
  130  10:05  Supply Depot  
  130  10:06  Factory Reactor  
  130  10:10  Supply Depot, Viking x4  
  138  10:21  Factory  
  138  10:22  Barracks Tech Lab  
  138  10:33  Supply Depot  
  138  10:34  Supply Depot  
  136  10:57  Orbital Command  
  136  11:03  SCV  
  136  11:04  SCV x2  
  141  11:11  Hellion x3  
  141  11:12  Hellion x2, Command Center  
  141  11:15  Viking  
  151  11:34  Supply Depot  
  80  12:06  Hellion x12  
  80  12:07  Hellion  
Tags
 
Composition
Mech
Matchup
TvT
Opening
2 Factory
Race
Terran
Spawn Locations
Cross Positions
Add a new tag
Caveats
  • Supply blocks, unpowered buildings, or Contaminate may cause inaccurate times.
  • Supply counts are checked every 10 seconds.